 Dungeon Crawl Stone Soup version 0.20.0-15-g7f486f2 (webtiles) character file.

69 vishdafish the Skirmisher (level 4, -3/60 HPs)
             Began as a Hill Orc Fighter on June 19, 2017.
             Killed from afar by a white imp (4 damage)
             ... with a puff of frost
             ... summoned by Natasha
             ... on level 2 of the Dungeon.
             The game lasted 00:01:40 (1024 turns).

vishdafish the Skirmisher (Hill Orc Fighter)        Turns: 1024, Time: 00:01:42

Health: -3/60      AC: 22    Str: 19    XL:     4   Next: 20%
Magic:  4/4        EV:  2    Int:  8    God:
Gold:   66         SH:  9    Dex: 10    Spells: 3/3 levels left

rFire    . . .     SeeInvis .   a - +0 war axe
rCold    . . .     Gourm    .   c - +0 shield
rNeg     + + +     Faith    .   (armour currently unavailable)
rPois    +         Spirit   .   (helmet currently unavailable)
rElec    .         Reflect  .   (cloak currently unavailable)
rCorr    .         Harm     .   (gloves currently unavailable)
MR       .....     NoTele   +   (boots currently unavailable)
Stlth    +.........             (no amulet)
Regen    0.2/turn               (no ring)
MPRegen  0.1/turn               (no ring)

@: lethally poisoned (-3 -> -6), tree-form
A: no striking features
a: no special abilities


You were on level 2 of the Dungeon.
You were not hungry.
You were a tree.
You visited 1 branch of the dungeon, and saw 2 of its levels.

You collected 66 gold pieces.

Inventory:

Hand Weapons
 a - a +0 war axe (weapon)
Armour
 b - a +0 scale mail (melded)
 c - a +0 shield (worn)
Jewellery
 j - a +2 ring of evasion {unknown}
Scrolls
 e - 2 scrolls of identify {unknown}
 g - 2 scrolls of random uselessness {unknown}
 h - 3 scrolls of remove curse {unknown}
 i - a scroll of fog {unknown}
 o - 2 scrolls of teleportation {unknown}
 p - a scroll of recharging {unknown}
 q - a scroll of immolation {unknown}
Potions
 d - a potion of might
 k - 2 potions of lignification
 l - a potion of heal wounds {unknown}
 n - a potion of flight {unknown}
 r - a potion of ambrosia {unknown}
 s - a potion of invisibility {unknown}
Comestibles
 f - 2 bread rations
 m - a royal jelly


   Skills:
 + Level 4.1 Fighting
 + Level 4.1 Axes
 + Level 3.5 Armour
 + Level 0.2 Dodging
 + Level 4.0 Shields


You had 3 spell levels left.
You didn't know any spells.

Dungeon Overview and Level Annotations

Branches:
Dungeon (2/15)

Altars:

Annotations:
D:2 Natasha


Message History

You block the adder's attack.
You barely miss the adder.
The adder is almost dead.
* * * LOW HITPOINT WARNING * * *
You feel sick. The adder bites you.
* * * LOW HITPOINT WARNING * * *
You slash the adder!
You kill the adder!
Your Axes skill increases to level 4!
You slash Natasha!
* * * LOW HITPOINT WARNING * * *
You feel sick. Natasha barely misses you.
You closely miss Natasha.
Natasha is heavily wounded.
You hit the white imp but do no damage.
* * * LOW HITPOINT WARNING * * *
You feel sick. The white imp gestures at you. The puff of frost hits you!
You die...

.%....... ....... ......
#....## #>....#### #
##......... ..
#..h5.....?.
#.####..♣.?......
#................
#..................
###............... .
####.............. ...
.<.................# #.#
....######.........#####.#
.....#####..........##....
...............###..##....


You could see Natasha and a white imp.

Vanquished Creatures
  Natasha (D:2)
  An adder (D:2)
  2 dart slugs (D:1)
  A leopard gecko (D:1)
  A bat (D:1)
  A giant cockroach (D:1)
  6 hobgoblins
  2 jackals (D:1)
  3 frilled lizards
  5 goblins
  5 kobolds (D:1)
  2 rats (D:1)
30 creatures vanquished.

Notes
Turn   | Place    | Note
-------+----------+-------------------------------------------
     0 | D:1      | vishdafish the Hill Orc Fighter began the quest for the Orb.
     0 | D:1      | Reached XP level 1. HP: 19/19 MP: 1/1
   350 | D:1      | Reached XP level 2. HP: 27/27 MP: 2/2
   685 | D:1      | Reached XP level 3. HP: 26/33 MP: 3/3
  1003 | D:2      | Noticed Natasha
  1009 | D:2      | Killed Natasha
  1009 | D:2      | Reached XP level 4. HP: 17/40 MP: 4/4
  1019 | D:2      | Noticed Natasha
  1022 | D:2      | HP: 2/60 [adder (3)]
  1024 | D:2      | Killed from afar by a white imp

Skill      XL: |  1  2  3  4 |
---------------+-------------+-----
Axes           | 3 4 |  4.1
Fighting       | 4 |  4.1
Shields        | 4 |  4.0
Armour         | |  3.5
Dodging        | |  0.2

Action                   |  1- 3 |  4- 6 || total
-------------------------+-------+-------++-------
Melee: War axe           |   113 |    14 ||   127
  Use: Potion            |       |     1 ||     1
  Eat: Bread ration      |     1 |       ||     1
Armor: Scale mail        |    57 |     8 ||    65
Dodge: Dodged            |    40 |     2 ||    42
Block: Shield            |    63 |    10 ||    73
